[Event "European School-ch 2019"]
[Site "Mamaia"]
[Date "2019.06.06"]
[Round "7.50"]
[White "Aydin, Gulenay"]
[Black "Alimova, Dana"]
[Result "1/2-1/2"]
[ECO "B40"]
[WhiteElo "1967"]
[BlackElo "1732"]
[Annotator "NA RC"]
[PlyCount "85"]
[EventDate "2019.05.31"]
[EventType "swiss"]
[EventCountry "ROU"]
[SourceTitle "playchess.com"]
[Source "ChessBase"]
[SourceQuality "1"]
[TimeControl "40/5400+30:1800+30"]

1. e4 c5 2. Nf3 e6 3. c3 Nf6 4. e5 Nd5 5. d4 cxd4 6. cxd4 d6 7. a3 Bd7 8. Nbd2 Bc6 9. Nc4 Nb6 10. Nxd6+ Bxd6 11. exd6 Qxd6 12. Be3 N8d7 13. Be2 O-O 14. O-O Nd5 15. Qd2 Rfe8 $11 16. Rfe1 Nxe3 17. Qxe3 e5 18. Rad1 exd4 19. Qxd4 Qf6 20. Qxf6 Nxf6 21. Nd4 Rac8 22. h3 Bd7 23. Bf3 b6 24. Rc1 Rxe1+ 25. Rxe1 Kf8 26. Kf1 Re8 27. Rc1 Rc8 28. Rxc8+ Bxc8 29. b4 Bd7 30. Ke2 Ke7 31. Kd3 Kd6 32. Kc4 h6 33. Nb5+ Bxb5+ 34. Kxb5 Kc7 35. Ka6 Kb8 36. Kb5 Kc7 37. Ka6 Kb8 38. Kb5 Kc7 39. a4 Nd7 40. Bd5 f6 41. Ka6 Kb8 42. f4 Nf8 43. Be4 1/2-1/2

[Event "European School-ch 2019"]
[Site "Mamaia"]
[Date "2019.06.06"]
[Round "7.51"]
[White "Petrova, Elizaveta"]
[Black "Petricenco, Ana"]
[Result "0-1"]
[ECO "D10"]
[WhiteElo "1570"]
[BlackElo "1484"]
[Annotator "NA RC"]
[PlyCount "68"]
[EventDate "2019.05.31"]
[EventType "swiss"]
[EventCountry "ROU"]
[SourceTitle "playchess.com"]
[Source "ChessBase"]
[SourceQuality "1"]
[TimeControl "40/5400+30:1800+30"]

1. d4 d5 2. c4 c6 3. e3 Nf6 4. Nc3 Bf5 5. Nf3 e6 6. Be2 Be7 7. O-O O-O 8. Nh4 Bg6 9. Nxg6 hxg6 10. a3 Qc7 11. Qc2 Nbd7 12. e4 dxc4 13. e5 Nd5 14. Bxc4 Nxc3 15. bxc3 c5 16. Be3 Rac8 17. Rfc1 a6 18. Bd3 c4 19. Be4 Nb6 20. f4 Rfd8 21. Rf1 Nd5 22. Bxd5 Rxd5 23. a4 Rb8 24. g4 Qc6 25. g5 b5 26. axb5 Rdxb5 27. Rab1 Qb7 28. Rxb5 Qxb5 29. Ra1 a5 30. Qa4 Qd5 31. Qxa5 Rb1+ 32. Kf2 Rb2+ 33. Kf1 Qg2+ 34. Ke1 Qe2# 0-1

[Event "European School-ch 2019"]
[Site "Mamaia"]
[Date "2019.06.06"]
[Round "7.52"]
[White "Kapicakova, Lucia"]
[Black "Puia, Alexia-Teodora"]
[Result "0-1"]
[ECO "A06"]
[WhiteElo "1776"]
[BlackElo "1543"]
[Annotator "NA RC"]
[PlyCount "110"]
[EventDate "2019.05.31"]
[EventType "swiss"]
[EventCountry "ROU"]
[SourceTitle "playchess.com"]
[Source "ChessBase"]
[SourceQuality "1"]
[TimeControl "40/5400+30:1800+30"]

1. Nf3 d5 2. g3 Nf6 3. Bg2 Nc6 4. d3 e5 5. Nbd2 Bf5 6. O-O Qd7 7. Nh4 Bh3 8. e4 O-O-O 9. exd5 Nxd5 10. Nc4 f6 11. a3 g5 12. Nf3 h5 13. Ne3 Nxe3 14. Bxe3 h4 15. Qe2 Bxg2 16. Kxg2 h3+ 17. Kg1 Qd5 18. Ne1 Nd4 19. Bxd4 Qxd4 20. c3 Qd7 21. Rd1 Bc5 22. b4 Bb6 23. Nc2 Qc6 24. Qe4 Qxc3 25. Ne3 Bxe3 26. fxe3 Rd6 27. Rfe1 Kb8 28. a4 Rhd8 29. d4 exd4 30. exd4 Qxb4 31. d5 Qxe4 32. Rxe4 c6 33. Re7 Rxd5 34. Rxd5 Rxd5 35. Rh7 g4 36. Rf7 Rf5 37. Rg7 Rg5 38. Rf7 Ra5 39. Rxf6 Rxa4 40. Kf2 a5 41. Ke3 Rc4 42. Kd3 b5 43. Rf7 a4 44. Re7 a3 45. Re2 Kb7 46. Ra2 Ra4 47. Kc3 Kb6 48. Kb3 Ka5 49. Kc3 c5 50. Kc2 Rc4+ 51. Kb3 Rb4+ 52. Kc3 Ka4 53. Ra1 Rb3+ 54. Kc2 Rb2+ 55. Kc3 Rxh2 0-1

[Event "European School-ch 2019"]
[Site "Mamaia"]
[Date "2019.06.06"]
[Round "7.53"]
[White "Babayeva, Nasrin"]
[Black "Obada, Ema"]
[Result "0-1"]
[ECO "A25"]
[WhiteElo "1451"]
[BlackElo "1889"]
[Annotator "NA RC"]
[PlyCount "72"]
[EventDate "2019.05.31"]
[EventType "swiss"]
[EventCountry "ROU"]
[SourceTitle "playchess.com"]
[Source "ChessBase"]
[SourceQuality "1"]
[TimeControl "40/5400+30:1800+30"]

1. c4 e5 2. g3 Nc6 3. Nc3 g6 4. Bg2 Bg7 5. e4 d6 6. Nf3 Nge7 7. d3 O-O 8. O-O {[%emt 0:00:24] A26: English Opening vs King's Indian with ...Nc6 and d3} f5 9. a3 (9. h3 h6 10. Nd5 Nxd5 11. cxd5 Ne7 12. b4 Bd7 13. a4 g5 14. Bb2 Qc8 {0-1 (30) Horvath,Z (2381)-Berczes,D (2493) Hungary 2018}) 9... Nd4 10. Nxd4 exd4 11. Ne2 Nc6 12. Rb1 fxe4 13. dxe4 a5 $146 ({Predecessor:} 13... Be6 14. b3 a5 15. a4 Qf6 16. Bb2 Rae8 {0-1 (37) Hidalgo Santana,F (2095)-Hernandez Leon,A (2231) Cotelec 2009}) 14. b3 a4 15. Nf4 axb3 16. Qxb3 Na5 17. Qc2 c5 18. Nd5 Nc6 19. f4 Ra7 20. Bb2 (20. Nb6 $14) 20... Be6 21. f5 $11 Bxd5 22. exd5 Ne5 23. fxg6 hxg6 24. Rxf8+ Bxf8 25. Rf1 Bg7 26. Bh3 Qe7 27. Be6+ Kh8 28. Qg2 Bh6 29. Qe4 Be3+ 30. Kh1 Ra8 31. Kg2 Kg7 32. Qc2 Rf8 33. Rxf8 Qxf8 34. Qe2 Qa8 35. Qc2 Qa5 36. Kh3 Qe1 0-1

[Event "European School-ch 2019"]
[Site "Mamaia"]
[Date "2019.06.06"]
[Round "7.54"]
[White "Vorobyova, Ekaterina"]
[Black "Ruzic, Pia Marie"]
[Result "1/2-1/2"]
[ECO "C05"]
[WhiteElo "1795"]
[BlackElo "1917"]
[Annotator "NA RC"]
[PlyCount "130"]
[EventDate "2019.05.31"]
[EventType "swiss"]
[EventCountry "ROU"]
[SourceTitle "playchess.com"]
[Source "ChessBase"]
[SourceQuality "1"]
[TimeControl "40/5400+30:1800+30"]

1. e4 e6 2. d4 d5 3. Nd2 Nf6 4. e5 Nfd7 5. Bd3 c5 6. c3 Nc6 7. Ne2 Qb6 8. Nf3 Be7 9. O-O O-O 10. Nf4 Re8 {[%emt 0:08:11] C06: French Tarrasch: 3...Nf6 4 e5 Nfd7 5 Bd3 main lines} 11. Re1 (11. h4 Nf8 12. Qd2 cxd4 13. cxd4 f6 14. exf6 Bxf6 15. Nh5 Bxd4 16. Qg5 Qd8 17. Qg3 Bf6 18. Nxf6+ Qxf6 {1-0 (28) Arnold,M (2504)-Coleman,T (2374) Las Vegas 2011}) 11... Nf8 12. a3 Bd7 13. Rb1 $146 ({Predecessor:} 13. Nh5 cxd4 14. cxd4 Rac8 15. Nxg7 Kxg7 16. Qd2 Nxd4 17. Qh6+ Kh8 18. Ng5 {½-½ (29) Gazis,E-Grigoropoulos Athens 1984}) 13... f6 14. Bc2 cxd4 15. cxd4 fxe5 16. dxe5 Bc5 17. Be3 Rac8 18. Qd3 Bxe3 19. Rxe3 Qc7 20. Rc1 Re7 21. h4 $16 Rf7 22. Nh3 g6 23. Nhg5 Rf5 24. Qe2 Rf4 25. Rc3 Rc4 26. Rxc4 dxc4 27. Qe4 Ne7 28. Qf4 Be8 29. Ne4 Nd5 30. Qg4 b5 31. h5 Qg7 32. hxg6 Bxg6 33. Nd6 Rb8 34. Bxg6 Qxg6 35. Qd4 Qg7 36. Re1 Ng6 37. Qg4 Ngf4 38. Qxg7+ Kxg7 39. g3 Nd3 40. Re2 a6 41. Nd4 Nc5 42. Kg2 Ne7 43. f4 h5 44. Kf3 Kg6 45. Ne4 Nxe4 46. Kxe4 Rb6 47. Rf2 a5 48. Nxe6 Rxe6 49. f5+ Nxf5 50. Rxf5 b4 51. axb4 axb4 52. Rf3 Rc6 53. Kd5 Rc8 54. e6 c3 55. bxc3 bxc3 56. e7 c2 57. Rf1 Kg5 58. Kd6 Kg4 59. Kd7 Ra8 60. e8=Q Rxe8 61. Kxe8 Kxg3 62. Rc1 h4 63. Rxc2 h3 64. Rc3+ Kg2 65. Rxh3 Kxh3 1/2-1/2

[Event "European School-ch 2019"]
[Site "Mamaia"]
[Date "2019.06.06"]
[Round "7.55"]
[White "Zyapaeva, Polina"]
[Black "Moskaleva, Arina"]
[Result "1/2-1/2"]
[ECO "A18"]
[WhiteElo "1806"]
[BlackElo "1613"]
[Annotator "NA RC"]
[PlyCount "123"]
[EventDate "2019.05.31"]
[EventType "swiss"]
[EventCountry "ROU"]
[SourceTitle "playchess.com"]
[Source "ChessBase"]
[SourceQuality "1"]
[TimeControl "40/5400+30:1800+30"]

1. c4 Nf6 2. Nc3 e6 3. e4 d5 4. e5 d4 5. exf6 dxc3 6. bxc3 Qxf6 7. d4 c5 8. Nf3 Nc6 9. Bg5 Qg6 10. Bd3 Qh5 11. d5 Ne5 12. Nxe5 Qxg5 13. Qa4+ Ke7 14. d6+ Kf6 {[%emt 0:00:19] [#]} 15. f4 $2 (15. Nf3 $1 $18 Qxg2 {[%mdl 64] Double Attack} 16. Ke2 Bxd6 17. h3) 15... Qxg2 16. O-O-O Bxd6 17. Rhe1 Ke7 18. Re2 $19 (18. Be4 $17 Qxh2 19. Bxb7) 18... Qh3 19. Bc2 Bxe5 20. fxe5 Qxc3 21. Rd3 Qb4 22. Red2 Qxa4 23. Bxa4 f6 24. Rd6 fxe5 25. Kd1 Rf8 26. Ke1 a6 27. Bd7 Rd8 28. Rxe6+ Kf7 29. Rf2+ Kg8 30. Bxc8 Raxc8 31. Re7 Rf8 32. Rb2 Rb8 33. Rxe5 Rfe8 34. Rbe2 Rxe5 35. Rxe5 Rc8 36. a4 Kf7 37. Kd2 Rd8+ 38. Kc3 Rc8 39. a5 Rc6 40. Rf5+ Ke7 41. Rd5 g6 42. h4 h6 43. Kc2 Rc7 44. Kc3 Kf6 45. Kd3 g5 46. Ke4 gxh4 47. Kf4 Ke6 48. Rh5 Rh7 49. Rxc5 h5 50. Rg5 Rf7+ 51. Ke4 Kd6 52. Rxh5 h3 53. Rxh3 Kc5 54. Rb3 Kxc4 55. Rb6 Re7+ 56. Kf3 Re5 57. Rxb7 Rxa5 58. Ke2 Ra2+ 59. Kd1 a5 60. Kc1 a4 61. Rb2 Ra3 62. Kb1 1/2-1/2

[Event "European School-ch 2019"]
[Site "Mamaia"]
[Date "2019.06.07"]
[Round "8.2"]
[White "Paraschiv, Paul-Alexandru"]
[Black "Stoleriu, George"]
[Result "0-1"]
[ECO "A45"]
[WhiteElo "2055"]
[BlackElo "2372"]
[Annotator "RC"]
[PlyCount "82"]
[EventDate "2019.05.31"]
[EventType "swiss"]
[EventCountry "ROU"]
[SourceTitle "playchess.com"]
[Source "ChessBase"]
[SourceQuality "1"]
[TimeControl "40/5400+30:1800+30"]

1. d4 Nf6 2. Bg5 Ne4 3. Bf4 c5 4. f3 Qa5+ 5. c3 Nf6 6. d5 e6 7. e4 exd5 8. exd5 d6 9. Nd2 Be7 10. Nc4 Qc7 11. a4 O-O 12. Ne2 Re8 13. Ng3 Nxd5 14. Qxd5 Bg5+ 15. Be3 Bxe3 16. Nxe3 Rxe3+ 17. Kf2 Re5 18. Qd2 Nc6 19. Ne4 Bf5 20. Ng3 Bd7 21. Ne4 Rd8 22. Rd1 Bf5 23. Ng3 Be6 24. Be2 Bb3 25. Ra1 d5 26. Rhe1 d4 27. cxd4 Nxd4 28. Qc3 Rde8 29. Bd3 Rxe1 30. Rxe1 Rxe1 31. Qxe1 Bxa4 32. b3 Bc6 33. b4 cxb4 34. Qxb4 Qd7 35. Bc4 Nc2 36. Qc3 Qd4+ 37. Qxd4 Nxd4 38. Ke3 Nb5 39. Ne4 Bxe4 40. fxe4 Nc7 41. Kd4 Kf8 0-1

[Event "European School-ch 2019"]
[Site "Mamaia"]
[Date "2019.06.07"]
[Round "8.3"]
[White "Bulau, Andrei-Cristian"]
[Black "Gayun, Dmytro"]
[Result "1/2-1/2"]
[ECO "D46"]
[WhiteElo "2244"]
[BlackElo "2271"]
[Annotator "RC"]
[PlyCount "46"]
[EventDate "2019.05.31"]
[EventType "swiss"]
[EventCountry "ROU"]
[SourceTitle "playchess.com"]
[Source "ChessBase"]
[SourceQuality "1"]
[TimeControl "40/5400+30:1800+30"]

1. d4 d5 2. c4 c6 3. Nc3 Nf6 4. Nf3 e6 5. e3 Nbd7 6. Bd3 Bd6 7. O-O O-O 8. Qc2 dxc4 9. Bxc4 b5 10. Bd3 Bb7 11. Rd1 Qc7 12. h3 a6 13. Ng5 h6 14. Nge4 Be7 15. Bd2 c5 16. dxc5 Nxc5 17. Nxc5 Bxc5 18. Ne4 Nxe4 19. Bxe4 Rac8 20. Rac1 Qb8 21. Bxb7 Qxb7 22. Qb3 Be7 23. Bb4 Bxb4 1/2-1/2

[Event "European School-ch 2019"]
[Site "Mamaia"]
[Date "2019.06.07"]
[Round "8.5"]
[White "Ozdemir, Serhan Berat"]
[Black "Sahin, Hayrun Nisa"]
[Result "1/2-1/2"]
[ECO "A04"]
[WhiteElo "1950"]
[BlackElo "1734"]
[Annotator "NA RC"]
[PlyCount "62"]
[EventDate "2019.05.31"]
[EventType "swiss"]
[EventCountry "ROU"]
[SourceTitle "playchess.com"]
[Source "ChessBase"]
[SourceQuality "1"]
[TimeControl "40/5400+30:1800+30"]

1. Nf3 g6 2. d4 Bg7 3. e3 Nf6 4. Be2 O-O 5. O-O d6 6. b3 c5 7. Bb2 cxd4 8. exd4 d5 9. Nbd2 Nc6 10. Ne5 Nxe5 11. dxe5 Ne4 12. Nxe4 dxe4 13. Qxd8 Rxd8 14. Rad1 Be6 15. c4 f5 16. exf6 exf6 17. Ba3 Bf8 18. Bxf8 Kxf8 19. h4 Ke7 20. Kh2 h6 21. Kg3 f5 22. f3 exf3 23. Bxf3 Rxd1 24. Rxd1 Rb8 25. Bd5 Kf6 26. Bxe6 Kxe6 27. Re1+ Kf6 28. Rd1 Re8 29. Kf3 Re7 30. g3 g5 31. hxg5+ hxg5 {[%emt 0:00:14] Ke4 Ke5+} 1/2-1/2

[Event "European School-ch 2019"]
[Site "Mamaia"]
[Date "2019.06.07"]
[Round "8.8"]
[White "Ceres, Dragos"]
[Black "Ochedzan, Tymon"]
[Result "0-1"]
[ECO "B51"]
[WhiteElo "2291"]
[BlackElo "2064"]
[Annotator "RC"]
[PlyCount "76"]
[EventDate "2019.05.31"]
[EventType "swiss"]
[EventCountry "ROU"]
[SourceTitle "playchess.com"]
[Source "ChessBase"]
[SourceQuality "1"]
[TimeControl "40/5400+30:1800+30"]

1. e4 c5 2. Nf3 d6 3. Bb5+ Nd7 4. c3 Ngf6 5. Bd3 e5 6. Bc2 Be7 7. d4 cxd4 8. cxd4 O-O 9. O-O b5 10. Qe2 a6 11. Rd1 Qc7 12. b3 Bb7 13. Bb2 Rac8 14. Bd3 Qb8 15. Nbd2 Rfe8 16. a4 bxa4 17. Rxa4 exd4 18. Bxd4 d5 19. e5 Bc5 20. Bb2 d4 21. Bxa6 Bxa6 22. Qxa6 Nxe5 23. Nxe5 Rxe5 24. Bxd4 Re6 25. Qa5 Bd6 26. g3 Rce8 27. Bxf6 Rxf6 28. Ne4 Rfe6 29. Qd5 Bc7 30. Rda1 Re5 31. Qd3 Qb7 32. Nd2 Re1+ 33. Rxe1 Rxe1+ 34. Nf1 g6 35. Rd4 Bb6 36. Rd7 Qc6 37. Qd5 Qf6 38. Qd2 Rd1 0-1

[Event "European School-ch 2019"]
[Site "Mamaia"]
[Date "2019.06.07"]
[Round "8.9"]
[White "Tinarlioglu, Emre"]
[Black "Kasaeva, Sofiia"]
[Result "1-0"]
[ECO "D00"]
[WhiteElo "1907"]
[BlackElo "1890"]
[Annotator "NA RC"]
[PlyCount "35"]
[EventDate "2019.05.31"]
[EventType "swiss"]
[EventCountry "ROU"]
[SourceTitle "playchess.com"]
[Source "ChessBase"]
[SourceQuality "1"]
[TimeControl "40/5400+30:1800+30"]

1. d4 d5 2. Bg5 h6 3. Bh4 c6 4. Nf3 Qb6 5. Qc1 g5 6. Bg3 g4 7. Ne5 Qxd4 8. e3 Qb6 9. c4 d4 10. Be2 Bg7 11. O-O dxe3 12. c5 exf2+ 13. Rxf2 Qb4 14. Rf4 Qa5 15. Nxf7 Rh7 16. Bd3 Bd4+ 17. Rxd4 Rxf7 18. b4 1-0

[Event "European School-ch 2019"]
[Site "Mamaia"]
[Date "2019.06.07"]
[Round "8.10"]
[White "Vilcu, Matei-Stefan"]
[Black "Neshev, Nikola"]
[Result "0-1"]
[ECO "C50"]
[WhiteElo "1991"]
[BlackElo "1370"]
[Annotator "NA RC"]
[PlyCount "94"]
[EventDate "2019.05.31"]
[EventType "swiss"]
[EventCountry "ROU"]
[SourceTitle "playchess.com"]
[Source "ChessBase"]
[SourceQuality "1"]
[TimeControl "40/5400+30:1800+30"]

1. e4 e5 2. Nf3 Nc6 3. Bc4 Nf6 4. d3 Bc5 5. Bb3 O-O 6. h3 d6 7. c3 Be6 8. Nbd2 Nh5 9. Nf1 Qf6 10. Bg5 Qg6 11. g4 Nf4 12. Bxf4 exf4 13. Qd2 Ne5 14. N1h2 Bxb3 15. axb3 Rfe8 16. O-O-O Qe6 17. Kc2 a5 18. Qxf4 a4 19. bxa4 Rxa4 20. Nd2 Ra2 21. Rb1 Qd7 22. Nb3 Ba3 23. Qe3 c5 24. f4 c4 25. fxe5 cxb3+ 26. Kc1 Qc6 27. d4 Rc8 28. bxa3 Rc2+ 29. Kd1 Rxc3 30. Qf4 b2 31. Ke2 Qc4+ 32. Kf2 Qxd4+ 33. Kg2 dxe5 34. Qf5 Qe3 35. Qf3 Qd2+ 36. Qf2 Qd3 37. Qf3 Rc2+ 38. Kg3 Qd8 39. Rhd1 Qb6 40. Rd3 Rc1 41. Rb3 Qg1+ 42. Kh4 Qe1+ 43. Kh5 g6+ 44. Kg5 h6+ 45. Kf6 Qh4+ 46. Kxe5 Qg5+ 47. Kd4 Rd8# 0-1

[Event "European School-ch 2019"]
[Site "Mamaia"]
[Date "2019.06.07"]
[Round "8.11"]
[White "Dotsenko, Makar"]
[Black "Gleizer, Adar"]
[Result "1-0"]
[ECO "D70"]
[WhiteElo "1610"]
[BlackElo "1774"]
[Annotator "NA RC"]
[PlyCount "41"]
[EventDate "2019.05.31"]
[EventType "swiss"]
[EventCountry "ROU"]
[SourceTitle "playchess.com"]
[Source "ChessBase"]
[SourceQuality "1"]
[TimeControl "40/5400+30:1800+30"]

1. d4 Nf6 2. c4 g6 3. f3 d5 4. cxd5 Nxd5 5. e4 Nb6 6. Be3 Bg7 7. Nc3 Nc6 8. Bb5 Bd7 9. Qd2 Na5 10. Bxd7+ Qxd7 11. b3 Nc6 12. Nge2 O-O-O 13. Rd1 e5 14. d5 Ne7 15. a4 Kb8 16. a5 Nbc8 17. Na4 Qb5 18. Nc5 b6 19. Nc3 Qxa5 20. b4 Qa3 21. Nb5 1-0

[Event "European School-ch 2019"]
[Site "Mamaia"]
[Date "2019.06.07"]
[Round "8.12"]
[White "Nedelcu, Teodor-Cosmin"]
[Black "Silich, Yahor"]
[Result "1-0"]
[ECO "E94"]
[WhiteElo "1954"]
[BlackElo "2082"]
[Annotator "NA RC"]
[PlyCount "123"]
[EventDate "2019.05.31"]
[EventType "swiss"]
[EventCountry "ROU"]
[SourceTitle "playchess.com"]
[Source "ChessBase"]
[SourceQuality "1"]
[TimeControl "40/5400+30:1800+30"]

1. d4 Nf6 2. c4 g6 3. Nc3 Bg7 4. e4 d6 5. Be2 O-O 6. Nf3 e5 7. O-O c6 8. Re1 Na6 9. Be3 exd4 10. Nxd4 Re8 11. f3 d5 12. cxd5 Nxd5 13. Nxd5 cxd5 14. Bxa6 bxa6 15. Nc6 Qh4 16. Bf2 Qf6 17. exd5 Bd7 18. Bd4 Qg5 19. Bxg7 Kxg7 20. Qd4+ f6 21. Rad1 h5 22. b3 h4 23. Re4 h3 24. g3 Bxc6 25. dxc6 Red8 26. Re7+ Kh6 27. Rd7 Re8 28. Qd2 Qxd2 29. R1xd2 Rac8 30. c7 Re1+ 31. Kf2 Rc1 32. g4 R8xc7 33. Rxc7 Rxc7 34. Kg3 Rc3 35. Rd6 Kg5 36. Rxa6 f5 37. gxf5 gxf5 38. Ra4 Rd3 39. Ra5 Rc3 40. b4 a6 41. Rxa6 f4+ 42. Kxh3 Rxf3+ 43. Kg2 Rc3 44. Ra5+ Kg4 45. h3+ Kh4 46. Rf5 Rg3+ 47. Kf2 Kxh3 48. Rxf4 Rg2+ 49. Ke3 Rxa2 50. Kd4 Kg3 51. Rf8 Rb2 52. Kc5 Rc2+ 53. Kb6 Kg4 54. b5 Kg5 55. Ka7 Ra2+ 56. Kb7 Kg6 57. b6 Kg7 58. Rf1 Rb2 59. Ka7 Ra2+ 60. Kb8 Rb2 61. b7 Kg6 62. Ra1 1-0

[Event "European School-ch 2019"]
[Site "Mamaia"]
[Date "2019.06.07"]
[Round "8.13"]
[White "Dobre, Radu-Fabian"]
[Black "Simonyan, Grigori"]
[Result "1/2-1/2"]
[ECO "B31"]
[WhiteElo "1978"]
[BlackElo "2019"]
[Annotator "NA RC"]
[PlyCount "117"]
[EventDate "2019.05.31"]
[EventType "swiss"]
[EventCountry "ROU"]
[SourceTitle "playchess.com"]
[Source "ChessBase"]
[SourceQuality "1"]
[TimeControl "40/5400+30:1800+30"]

1. e4 c5 2. Nf3 Nc6 3. Bb5 g6 4. O-O Bg7 5. Re1 Nf6 6. e5 Nd5 7. Nc3 Nc7 8. Bxc6 dxc6 9. Ne4 Ne6 10. d3 b6 {[%emt 0:00:05] B31: Sicilian: 2...Nc6 3 Bb5 g6} 11. Be3 Nd4 12. Bxd4 cxd4 13. Nf6+ Kf8 14. Ne4 Bg4 {[%emt 0:01:17] [#]} 15. Neg5 $146 ({Predecessor:} 15. Ned2 c5 16. h3 Bf5 17. a4 Bh6 18. Ne4 {½-½ (28) Rubinas,P (2562)-Matei,C (2483) ICCF email 2011}) 15... h6 16. h3 Bf5 17. Ne4 c5 18. a4 Qd5 19. Ng3 Be6 20. Qe2 Kg8 21. Nd2 h5 22. f4 h4 23. Nge4 Rh5 24. Rf1 f6 25. exf6 exf6 26. Rae1 Bd7 27. b3 Rf8 28. Qf3 Bh6 29. Nc4 Bc6 30. Qg4 Bg7 31. Ned2 Rf7 32. Rf2 Kh7 33. Qe2 Bf8 34. Qg4 Bh6 35. Qe6 Qxe6 36. Rxe6 Bd5 37. Re8 Bc6 38. Rc8 Bb7 39. Rd8 Re7 40. Nd6 Kg7 41. N2e4 Bc6 42. Rc8 Bb7 43. Ne8+ Kf8 44. Rb8 Rxe8 45. Rxb7 Re7 46. Rb8+ Kg7 47. a5 Rf5 48. axb6 axb6 49. Rxb6 Rxf4 50. Rxf4 Bxf4 51. Kf1 Bg3 (51... Be3 $11) 52. Nxg3 (52. Rc6 $16) 52... hxg3 53. Rb5 $15 Re5 54. b4 cxb4 55. Rxe5 fxe5 56. Ke2 Kf6 57. Kf3 Kf5 58. h4 Kf6 59. Ke4 1/2-1/2

[Event "European School-ch 2019"]
[Site "Mamaia"]
[Date "2019.06.07"]
[Round "8.16"]
[White "Levin, Guy"]
[Black "Kan, Toby"]
[Result "1-0"]
[ECO "A30"]
[WhiteElo "2054"]
[BlackElo "1550"]
[Annotator "NA RC"]
[PlyCount "129"]
[EventDate "2019.05.31"]
[EventType "swiss"]
[EventCountry "ROU"]
[SourceTitle "playchess.com"]
[Source "ChessBase"]
[SourceQuality "1"]
[TimeControl "40/5400+30:1800+30"]

1. c4 c5 2. Nf3 g6 3. g3 Bg7 4. Bg2 Nc6 5. O-O d6 6. Nc3 e6 7. e4 Nge7 8. d3 O-O 9. Bg5 {[%emt 0:04:04] A36: Symmetrical English vs ...g6: 4 Bg2 Bg7} (9. Rb1 b6 10. Be3 Nd4 11. Qd2 Bb7 12. Bh6 Bxh6 13. Qxh6 Nxf3+ 14. Bxf3 Nc6 15. Bg2 Qf6 16. Qe3 Rad8 {0-1 (79) Arkell,K (2499)-Ivanov,A (2506) Acqui Terme 2015}) 9... Qd7 $146 ({Predecessor:} 9... h6 10. Be3 Nd4 11. Qd2 Kh7 12. Rab1 f5 13. Ne1 Nec6 14. f4 a6 15. Ne2 fxe4 16. dxe4 Qa5 {0-1 (32) Elissalt Cardenas,H (2334)-Stella,A (2403) Azuqueca de Henares 2014}) 10. Qd2 b6 11. Bh6 Bb7 12. Bxg7 Kxg7 13. d4 Rad8 14. d5 exd5 15. exd5 Na5 16. b3 a6 17. h4 h6 18. Kh2 Bc8 19. Rae1 Rde8 20. Ne4 f6 21. Qc3 Ng8 22. Ng1 Kh7 23. Nh3 Nb7 24. f4 Qg7 25. Qc2 f5 26. Nc3 Nf6 27. Nf2 Bd7 28. Bf3 b5 29. Be2 b4 30. Ncd1 Re7 31. Bd3 Rfe8 32. Qd2 a5 33. Ne3 Nd8 34. Ng2 Nb7 35. Rxe7 Rxe7 36. Re1 Nd8 37. a4 Nb7 38. Ne3 Nd8 39. Rg1 h5 40. Re1 Re8 41. Be2 Nf7 42. Bf3 Nh6 43. Nh3 Nf7 44. Ng5+ Nxg5 45. fxg5 Ng4+ 46. Bxg4 hxg4 47. Ng2 Re5 48. Rh1 Kg8 49. Re1 Qe7 50. Rxe5 Qxe5 51. Nf4 Qe8 52. Qb2 Qf7 53. Kg2 Qg7 54. Qe2 Kf7 55. Ne6 (55. Qd1 $11) 55... Qe5 $2 (55... Qc3 $11 56. Nd8+ Kg8) 56. Qxe5 dxe5 57. Nxc5 Be8 58. d6 $18 Bc6+ 59. Kf2 f4 60. d7 Ke7 61. h5 gxh5 62. g6 Bxd7 63. Nxd7 h4 64. Nxe5 fxg3+ 65. Kg2 1-0

[Event "European School-ch 2019"]
[Site "Mamaia"]
[Date "2019.06.07"]
[Round "8.17"]
[White "Kanli, Alperen"]
[Black "Dias, Savin"]
[Result "0-1"]
[ECO "B54"]
[WhiteElo "1790"]
[BlackElo "1858"]
[Annotator "NA RC"]
[PlyCount "75"]
[EventDate "2019.05.31"]
[EventType "swiss"]
[EventCountry "ROU"]
[SourceTitle "playchess.com"]
[Source "ChessBase"]
[SourceQuality "1"]
[TimeControl "40/5400+30:1800+30"]

1. e4 c5 2. Nf3 d6 3. d4 cxd4 4. Nxd4 Nf6 5. Bd3 g6 6. c4 Bg7 7. Nc3 Nc6 8. Nc2 O-O 9. O-O Ne5 10. Be2 Be6 11. b3 Rc8 12. f3 a6 13. Bb2 Nxc4 14. Bxc4 Bxc4 15. bxc4 Qb6+ 16. Qd4 Qxb2 17. Rab1 Nxe4 18. Qxg7+ Kxg7 19. Rxb2 Nxc3 20. Rxb7 Rxc4 21. Rxe7 Nxa2 22. Ne3 Rc6 23. Rb1 Nc3 24. Rbb7 a5 25. Ra7 a4 26. Red7 h5 27. Kf1 Kg8 28. Ke1 Rc5 29. Kd2 a3 30. Kd3 Nb5 31. Ra6 Rc3+ 32. Kd2 Rc5 33. Nc2 Rd5+ 34. Ke3 Re8+ 35. Kf4 Re2 36. Nxa3 g5+ 37. Kg3 Rdd2 38. f4 0-1

[Event "European School-ch 2019"]
[Site "Mamaia"]
[Date "2019.06.07"]
[Round "8.18"]
[White "Baranciuc, Alexandr"]
[Black "Aubury, Benjamin"]
[Result "1/2-1/2"]
[ECO "C07"]
[WhiteElo "1900"]
[BlackElo "1681"]
[Annotator "NA RC"]
[PlyCount "102"]
[EventDate "2019.05.31"]
[EventType "swiss"]
[EventCountry "ROU"]
[SourceTitle "playchess.com"]
[Source "ChessBase"]
[SourceQuality "1"]
[TimeControl "40/5400+30:1800+30"]

1. e4 e6 2. d4 d5 3. Nd2 c5 4. exd5 Qxd5 5. dxc5 Nf6 6. Ngf3 Qxc5 7. Bd3 Be7 8. O-O Qc7 9. Qe2 Nbd7 10. Nb3 O-O 11. Bd2 b6 12. Rfe1 Bb7 13. Rad1 Rac8 14. c3 Nd5 15. Nbd4 Nc5 16. Bb1 Ba6 17. c4 Nf6 18. g3 Ncd7 19. b3 Qc5 20. Bf4 Rfe8 21. Ng5 Bf8 22. Ndf3 h6 23. Ne4 Nxe4 24. Bxe4 Nf6 25. Bb1 Qh5 26. Ne5 Qh3 27. f3 Nh5 28. Bc1 Bc5+ 29. Be3 Nxg3 30. hxg3 Qxg3+ 31. Qg2 Qxe5 32. Bxc5 Qxc5+ 33. Kh1 Qh5+ 34. Kg1 Rc5 35. Re4 Bb7 36. Rg4 Rg5 37. Rxg5 hxg5 38. Kf2 Qh6 39. Rh1 Qf6 40. Qh3 Qd4+ 41. Ke2 Qb2+ 42. Ke3 Kf8 43. Qg3 Rd8 44. Rh8+ Ke7 45. Qxg5+ Qf6 46. Qxf6+ gxf6 47. Rh7 Rg8 48. Kf2 Bc6 49. b4 Rg5 50. Rh8 Be8 51. Be4 Re5 1/2-1/2